 Dungeon Crawl Stone Soup version 0.20.1-1-g8b1a95d (webtiles) character file.

138 letownia2 the Grave Robber (level 5, -3/42 HPs)
             Began as a Deep Dwarf Necromancer on Dec 16, 2017.
             Slain by an orc
             ... wielding a +0 trident
              (8 damage)
             ... on level 4 of the Dungeon.
             The game lasted 00:05:04 (1462 turns).

letownia2 the Grave Robber (Deep Dwarf Necromancer) Turns: 1462, Time: 00:05:05

Health: -3/42      AC:  4    Str: 12    XL:     5   Next: 1%
Magic:  1/8        EV: 12    Int: 16    God:
Gold:   154        SH:  0    Dex: 13    Spells: 4/8 levels left

rFire    . . .     SeeInvis .   (no weapon)
rCold    . . .     Gourm    .   (no shield)
rNeg     . . .     Faith    .   h - +0 leather armour
rPois    .         Spirit   .   (no helmet)
rElec    .         Reflect  .   (no cloak)
rCorr    .         Harm     .   o - +0 pair of gloves (curse)
MR       .....                  (no boots)
Stlth    ++........             (no amulet)
Regen    0.0/turn               g - ring of wizardry
MPRegen  0.2/turn               m - ring of flight

@: non-regenerating
A: damage resistance, heal wounds, sense surroundings 1, no regeneration
a: Heal Wounds, Evoke Flight


You were on level 4 of the Dungeon.
You were not hungry.

You visited 1 branch of the dungeon, and saw 4 of its levels.

You collected 154 gold pieces.

Inventory:

Missiles
 e - 14 bolts
Armour
 a - a +0 robe
 h - a +0 leather armour (worn)
 j - a +0 scale mail
 o - a cursed +0 pair of gloves (worn)
Jewellery
 g - a ring of wizardry (left hand)
 m - a ring of flight (right hand)
Scrolls
 f - a scroll of amnesia {unknown}
 l - 2 scrolls of identify {unknown}
Potions
 k - a potion of agility {unknown}
 n - a potion of brilliance {unknown}
Books
 b - a book of Necromancy

   Spells                             Type                      Level
   a - Pain                           Necromancy                   1
   b - Animate Skeleton               Necromancy                   1
   c - Vampiric Draining              Necromancy                   3
   d - Regeneration                   Charms/Necromancy            3
   e - Animate Dead                   Necromancy                   4
   f - Control Undead                 Necromancy                   4
Comestibles
 c - 2 bread rations
 d - 2 meat rations
 i - a chunk of flesh


   Skills:
 - Level 2.1 Dodging
 - Level 2.4 Stealth
 - Level 2.1 Spellcasting
 + Level 6.7 Necromancy


You had 4 spell levels left.
You knew the following spells:

 Your Spells              Type           Power        Failure   Level  Hunger
a - Pain                  Necr           ###.         1%          1    #......
v - Vampiric Draining     Necr           ###.......   1%          3    ###....


Dungeon Overview and Level Annotations

Branches:
Dungeon (4/15)
 Temple: D:4-7

Altars:
Elyvilon


Innate Abilities, Weirdness & Mutations

You are resistant to damage.
You can heal yourself by infusing magical energy.
You passively map a small area around you.
You do not regenerate.


Message History

The orc barely misses you.
Casting: Pain
Confirm with . or Enter, or press ? or * to list all spells.
Aiming: Pain
Press: ? - help, Shift-Dir - straight line, f/p - orc priest
Aim: an orc priest, wielding a dagger and wearing a chain mail (lightly wounded, chance to defeat MR: 83%)
The orc priest writhes in agony!
The orc closely misses you. The orc priest hits you with a dagger.
* * * LOW HITPOINT WARNING * * *
The orc hits you from afar with a trident!
* * * LOW HITPOINT WARNING * * *
Things that are here:
a dagger; a robe You hit the orc priest but do no damage.
The orc priest is heavily wounded.
The orc priest barely misses you.
You hit the orc priest but do no damage.
The orc priest is heavily wounded.
The orc hits you from afar with a trident!
You die...

, ** #.#..# , , *
#.#.## *
#.#.####.# , *
#........#,
###.###### * #.#
##o## , * ##.#.##
* > , ##@###o# *
,
,####..o#.#######
, +,
+...............
,####....########
##.#.# , * ###.#
* * #.# ,, , #+#
#.# * #.# #.# *


You could see an orc priest and an orc.

Vanquished Creatures
  A worker ant (D:4)
  An iguana (D:4)
  An orc wizard (D:4)
  3 adders
  An ooze (D:2)
  2 dart slugs
  2 leopard geckos (D:4)
  3 orcs (D:4)
  3 giant cockroaches
  A goblin (D:1)
  3 hobgoblins
  A ball python (D:3)
  A bat (D:2)
  A frilled lizard (D:4)
  3 rats (D:2)
27 creatures vanquished.

Notes
Turn   | Place    | Note
-------+----------+-------------------------------------------
     0 | D:1      | letownia2 the Deep Dwarf Necromancer began the quest for the Orb.
     0 | D:1      | Reached XP level 1. HP: 15/15 MP: 3/3
   161 | D:2      | Reached XP level 2. HP: 22/22 MP: 0/5
   339 | D:2      | Reached skill level 5 in Necromancy
   640 | D:3      | Reached XP level 3. HP: 26/28 MP: 2/6
   645 | D:3      | Learned a level 3 spell: Vampiric Draining
  1044 | D:3      | Found a white marble altar of Elyvilon.
  1255 | D:4      | Reached skill level 6 in Necromancy
  1255 | D:4      | Reached XP level 4. HP: 30/36 MP: 1/7
  1448 | D:4      | Reached XP level 5. HP: 23/42 MP: 2/8
  1462 | D:4      | Slain by an orc

Skill      XL: |  1  2  3 |
---------------+----------+-----
Spellcasting   | 2 |  2.1
Necromancy     | 5 6 |  6.7
Dodging        | |  2.1
Stealth        | |  2.4

Action                   |  1- 3 |  4- 6 || total
-------------------------+-------+-------++-------
Melee: Unarmed           |     3 |     3 ||     6
 Cast: Pain              |    55 |    13 ||    68
       Vampiric Draining |     1 |       ||     1
  Eat: Chunk             |     2 |     1 ||     3
Armor: Robe              |     1 |       ||     1
       Leather armour    |       |     1 ||     1
Dodge: Dodged            |     7 |     8 ||    15
